 Dungeon Crawl Stone Soup version 0.24.0-13-gcf9b3192b9 (webtiles) character file.

Game seed: 5093692349434113971, levelgen mode: classic

109300 EnegeticOcto the Severer (level 16, -24/147 HPs)
             Began as a Hill Orc Fighter on Nov 6, 2019.
             Was the Champion of the Shining One.
             Killed from afar by a spriggan air mage (30 damage)
             ... with a bolt of lightning
             ... on level 2 of the Depths.
             The game lasted 00:24:51 (23203 turns).

EnegeticOcto the Severer (Hill Orc Fighter)        Turns: 23203, Time: 00:24:52

Health: -24/147    AC: 28    Str: 24    XL:     16   Next: 51%
Magic:  24/26      EV:  5    Int:  8    God:    the Shining One [******]
Gold:   1195       SH: 31    Dex: 10    Spells: 15/15 levels left

rFire    + . .     SeeInvis .   K - +3 broad axe
rCold    + + +     Gourm    .   a - +0 large shield
rNeg     + + +     Faith    .   u - +2 crystal plate armour {rC+}
rPois    +         Spirit   .   R - +2 helmet
rElec    .         Reflect  .   p - scarf {repulsion}
rCorr    .         Harm     .   (no gloves)
MR       ++...                  (no boots)
Stlth    ..........             L - amulet of rage
HPRegen  0.34/turn              C - ring "Noamix" {rPois rF+ rC+++ Str-2 Slay+5}
MPRegen  0.20/turn              y - ring of protection from magic

@: divine shield, marked, glowing, repel missiles
A: no striking features
a: Divine Shield, Cleansing Flame, Summon Divine Warrior, Brand Weapon With Holy
Wrath, Renounce Religion, Evoke Berserk Rage


You were on level 2 of the Depths.
You worshipped the Shining One.
The Shining One was exalted by your worship.
You were not hungry.

You visited 3 branches of the dungeon, and saw 19 of its levels.
You also visited: Ossuary and Ice Cave.

You collected 1299 gold pieces.
You spent 104 gold pieces at shops.

Inventory:

Hand Weapons
 k - a +2 broad axe
 K - a +3 broad axe (weapon)
Missiles
 B - 4 throwing nets (quivered) {!f}
Armour
 a - a +0 large shield (worn)
 b - a +0 cloak
 c - a +0 shield
 p - a scarf of repulsion (worn)
 u - a +2 crystal plate armour of cold resistance (worn)
 Q - +0 fire dragon scales
 R - a +2 helmet (worn)
Jewellery
 i - a +5 ring of strength
 y - a ring of protection from magic (right hand)
 C - the ring "Noamix" (left hand) {rPois rF+ rC+++ Str-2 Slay+5}
   (You found it on level 7 of the Dungeon)

   [ring of protection from fire]

   It affects your strength (-2).
   It affects your accuracy and damage with ranged weapons and melee attacks
   (+5).
   It protects you from fire.
   It renders you almost immune to cold.
   It protects you from poison.
 H - an uncursed ring of protection from fire
 I - an uncursed ring of fire
 L - an amulet of rage (around neck)
Wands
 r - a wand of digging (17)
 s - a wand of paralysis (3)
 E - a wand of iceblast (10)
 F - a wand of scattershot (4)
Scrolls
 l - 2 scrolls of enchant armour
 o - 5 scrolls of remove curse {@r2}
 t - 2 scrolls of amnesia
 v - 5 scrolls of teleportation {@r3 !r}
 x - 4 scrolls of fog {!r}
 D - a scroll of fear {!r}
 J - 3 scrolls of summoning
Potions
 d - 6 potions of might {@q3 !q}
 f - 7 potions of curing {@q1 !q}
 g - 2 potions of ambrosia
 h - 6 potions of agility {@q5 !q}
 j - 3 potions of cancellation
 m - 2 potions of berserk rage
 q - 4 potions of brilliance
 w - a potion of lignification {@q6}
 z - 5 potions of haste {@q4 !q}
 A - 4 potions of flight
 G - a potion of magic
 P - a potion of mutation
Comestibles
 e - 26 rations


   Skills:
 + Level 14.8 Fighting
 - Level 18.0 Axes
 + Level 13.9 Armour
 - Level 6.0 Dodging
 + Level 13.8 Shields
 + Level 14.1 Invocations


You had 15 spell levels left.
You didn't know any spells.
Your spell library contained the following spells:

 Spells                   Type           Power        Failure   Level  Hunger
 Animate Skeleton         Necr           N/A          100%        1    ##.....
 Pain                     Necr           #...         100%        1    ##.....
 Ensorcelled Hibernation  Hex/Ice        #.....       100%        2    ###....
 Regeneration             Chrm/Necr      #.........   100%        3    ####...
 Vampiric Draining        Necr           #.........   100%        3    ####...
 Animate Dead             Necr           N/A          100%        4    #####..
 Borgnjor's Vile Clutch   Necr/Erth      #.........   100%        5    ######.
 Silence                  Hex/Air        #.........   100%        5    ######.
 Darkness                 Hex            #.........   100%        6    #######
 Shadow Creatures         Summ           N/A          100%        6    #######


Dungeon Overview and Level Annotations

Branches:
Dungeon (15/15)            Temple (1/1) D:4            Lair (0/6) D:10
    Orc (0/2) D:9          Vaults (0/5) D:13         Depths (3/5) D:15
Ossuary (visited)           IceCv (visited)

Altars:
Ashenzari
Cheibriados
Dithmenos
Elyvilon
Fedhas
Gozag
Hepliaklqana
Kikubaaqudgha
Makhleb
Nemelex Xobeh
Okawaru
Qazlal
Ru
Sif Muna
Uskayaw
Vehumet
Wu Jian
Xom
Yredelemnul
The Shining One
Jiyva

Shops:
D:6 :   D:8 *

Portals:
Hell: Depths:1 Depths:2 Depths:3
Ziggurat: Depths:3

Annotations:
D:8 3 runed translucent doors, EnegeticOcto's ghost, novice OpHu
Depths:2 exclusions: 2 doors and 2 more exclusions


Message History

A spriggan berserker comes into view. It is wielding a +0 rapier.
You see here an arrow.
The spriggan air mage waves its arms in wide circles.
The air twists around and strikes you.
The tengu warrior unwields a +4 glaive.
The tengu warrior wields a +0 longbow.
The tengu warrior shoots an arrow.
The arrow hits you.
A stone giant comes into view.
You see here an arrow.
You block the spriggan defender's attack. x2
A fire giant comes into view.
It is wielding a +0 great sword of flaming.
The stone giant pulls the alarm!
The alarm trap emits a blaring wail!
The mark upon you grows brighter.
A fire dragon comes into view.
You block the spriggan defender's attack.
You hear a chilling moan.
You hear a shout!
You hear an angry buzzing noise.
You hear a shout!
You hear two shouts!
The spriggan berserker invokes Trog's protection!
The spriggan air mage gestures at you while chanting.
The bolt of lightning misses you.
The fire giant points at you and mumbles some strange words.
The bolt of fire hits you! You resist.
The spriggan defender hits you with a +6 quick blade!!
The fire giant points at you and mumbles some strange words.
The bolt of fire hits you! You resist.
The spriggan defender hits you but does no damage.
There is a stone staircase leading up, spattered with blood here.
You see here 3 large rocks.
You block the spriggan defender's attack.
You block the spriggan air mage's attack.
The spriggan berserker utters an invocation to Trog.
The death yak goes berserk!
The spriggan defender hits you with a +6 quick blade.
You climb upwards.
Level annotation: exclusions: 2 doors and 2 more exclusions
There is a stone staircase leading down, spattered with blood here.
Your shield and crystal plate armour prevent you from hitting the spriggan air mage.
You slash the spriggan defender!
The spriggan defender hits you but does no damage.
You block the spriggan air mage's attack.
You closely miss the spriggan air mage.
The spriggan defender blocks your attack.
You block the spriggan defender's attack. x2
The spriggan air mage hits you.
You closely miss the spriggan air mage. You miss the spriggan defender.
You block the spriggan defender's attack.
The spriggan defender hits you but does no damage.
The spriggan air mage hits you but does no damage.
You miss the spriggan air mage.
The spriggan defender blocks your attack.
The spriggan defender hits you but does no damage.
Your shield is strengthened by the Shining One's divine power.
You feel slightly more hungry.
You block the spriggan defender's attack.
The spriggan air mage waves its arms in wide circles.
The air twists around and strikes you.
You block the spriggan defender's attack.
You barely miss the spriggan air mage.
Your shield and crystal plate armour prevent you from hitting the spriggan defender.
You block the spriggan defender's attack.
You block the spriggan air mage's attack.
The spriggan defender hits you but does no damage.
You closely miss the spriggan air mage.
The spriggan defender blocks your attack.
You block the spriggan defender's attack.
The spriggan air mage waves its arms in wide circles.
The air twists around and strikes you!
You slash the spriggan air mage!
The spriggan air mage is moderately wounded.
The spriggan defender blocks your attack.
The spriggan defender hits you but does no damage.
The spriggan defender hits you with a +6 quick blade.
You block the spriggan air mage's attack.
You miss the spriggan air mage.
The spriggan air mage is moderately wounded.
The spriggan defender blocks your attack.
The spriggan defender hits you but does no damage.
You block the spriggan defender's attack.
You block the spriggan air mage's attack.
You slash the spriggan air mage!
The spriggan air mage is heavily wounded.
The spriggan defender blocks your attack.
You block the spriggan defender's attack.
You miss the spriggan air mage.
The spriggan air mage is heavily wounded.
The spriggan defender blocks your attack.
You block the spriggan defender's attack.
The spriggan air mage casts a spell at you.
The bolt of lightning hits you!! x2
* * * LOW HITPOINT WARNING * * *
You block the spriggan defender's attack.
You slice the spriggan air mage!!
The spriggan air mage is almost dead.
The spriggan defender blocks your attack.
You block the spriggan defender's attack.
The spriggan air mage gestures at you while chanting.
The bolt of lightning hits you!!
* * * LOW HITPOINT WARNING * * *
The bolt of lightning hits you!!
You die...

#.......#
###..#..#
#......#
##.#.#.#
#......#
###..#^.#
#.......#
##...>.>.#
#....i@..#
#......i.#
##########


You could see a spriggan defender and a spriggan air mage.

Vanquished Creatures
  A tengu reaver (D:15)
  An iron dragon (Depths:1)
  A frost giant (Depths:1)
  A balrug (Depths:1)
  5 very ugly things
  9 stone giants
  Azrael (D:13)
  An ettin (Depths:1)
  4 fire dragons
  A yaktaur captain (Depths:3)
  3 great orbs of eyes
  3 rakshasas
  2 hydras
  2 ice dragons
  Harold (D:8)
  2 catoblepae (Depths:1)
  A juggernaut simulacrum (Depths:2)
  2 spriggan air magi
  7 centaur warriors
  2 dancing weapons (D:13)
  2 ogre magi
  9 two-headed ogres
  2 deep troll shamans
  A tengu warrior (D:15)
  2 deep troll earth magi
  A spriggan (Depths:2)
  A spriggan berserker (Depths:2)
  2 sun demons (Depths:1)
  7 hell knights (Depths:2)
  Nergalle (D:12)
  5 skeletal warriors (D:14)
  6 deep trolls
  Pikel (D:6)
  3 deep elf magi
  2 necromancers (Depths:2)
  2 fire giant zombies (Depths:2)
  30 ugly things
  2 cyclopes
  3 manticores
  A shadow dragon skeleton (Depths:2)
  Joseph (D:10)
  A guardian serpent (shapeshifter) (D:15)
  A fire giant skeleton (Depths:2)
  A black mamba (shapeshifter) (D:14)
  2 ice statues (IceCv)
  2 kobold demonologists
  2 yaktaurs
  9 ice devils (IceCv)
  A yaktaur (shapeshifter) (Depths:1)
  A komodo dragon (shapeshifter) (Depths:2)
  2 tengu conjurers
  A komodo dragon (D:13)
  2 hornets
  A merfolk (shapeshifter) (Depths:2)
  4 trolls
  12 slime creatures
  4 hippogriffs
  5 water elementals (Depths:3)
  Sigmund (D:4)
  2 wraiths
  2 wyverns
  A centaur simulacrum (D:15)
  15 yaks
  4 fire elementals (D:13)
  A basilisk (D:10)
  A yak (shapeshifter) (D:15)
  8 vampire mosquitoes
  Edmund (D:4)
  An acid dragon (D:14)
  4 hell hounds (D:13)
  2 water moccasins
  5 porcupines
  A black bear (shapeshifter) (D:15)
  A hornet zombie (D:6)
  3 ice beasts
  5 sky beasts
  2 black bears
  2 orc warriors
  An eye of draining (D:13)
  11 ogres
  8 boggarts
  A phantom (D:9)
  22 centaurs
  6 crocodiles
  An elf zombie (Ossuary)
  4 big kobolds
  14 bullfrogs
  A gnoll sergeant (D:9)
  7 earth elementals (Depths:1)
  A wyvern zombie (D:7)
  3 scorpions
  A water moccasin skeleton (D:9)
  11 killer bees
  5 wights (D:10)
  2 howler monkeys (D:9)
  An electric eel (D:15)
  2 crimson imps
  4 hounds
  4 jellies
  A bullfrog zombie (D:13)
  2 centaur zombies
  A quasit (D:11)
  2 centaur skeletons
  6 orc priests
  10 orc wizards
  Jessica (D:1)
  A bullfrog skeleton (D:5)
  3 iguanas
  13 worker ants
  3 hound zombies (Ossuary)
  5 mummies
  Robin (D:2)
  8 gnolls
  12 adders
  2 shadow imps
  12 white imps (IceCv)
  5 ufetubi (IceCv)
  An adder skeleton (D:8)
  An adder zombie (Ossuary)
  3 worms
  5 dart slugs
  2 leopard geckos
  43 orcs
  11 bats
  4 giant cockroaches
  7 hobgoblins
  21 jackals
  3 quokkas
  5 frilled lizards
  9 goblins
  2 goblin zombies (Ossuary)
  3 jackal zombies (Ossuary)
  22 kobolds
  A kobold zombie (Ossuary)
  An orc zombie (Ossuary)
  9 rats
  A plant (D:3)
599 creatures vanquished.

Vanquished Creatures (collateral kills)
  A reaper (IceCv)
  3 slime creatures (D:15)
  A hornet (Depths:2)
  A dream sheep (shapeshifter) (D:15)
  A spriggan (Depths:2)
7 creatures vanquished.

Vanquished Creatures (others)
  A tengu conjurer (D:15)
  A yak (D:13)
  An ogre (Depths:2)
  A centaur (Depths:2)
  A centaur zombie (D:6)
  A bullfrog skeleton (D:6)
  2 hounds (D:6)
  A centaur skeleton (D:6)
  2 white imps (IceCv)
  An ufetubus (IceCv)
  A quokka (D:8)
  4 plants (D:3)
17 creatures vanquished.

Grand Total: 623 creatures vanquished

Notes
Turn   | Place    | Note
-------+----------+-------------------------------------------
     0 | D:1      | EnegeticOcto the Hill Orc Fighter began the quest for the
                  | Orb.
     0 | D:1      | Reached XP level 1. HP: 19/19 MP: 1/1
   183 | D:1      | Reached skill level 3 in Axes
   291 | D:1      | Reached XP level 2. HP: 25/27 MP: 2/2
   964 | D:2      | Noticed Jessica
   970 | D:1      | Reached XP level 3. HP: 31/33 MP: 3/3
  1147 | D:1      | Killed Jessica
  1147 | D:1      | Reached skill level 4 in Axes
  1147 | D:1      | Reached XP level 4. HP: 32/40 MP: 4/4
  1424 | D:2      | Found an ancient bone altar of Kikubaaqudgha.
  1489 | D:2      | Reached XP level 5. HP: 45/47 MP: 5/5
  1513 | D:2      | Found an ornate altar of the Wu Jian Council.
  1728 | D:2      | Noticed Robin
  1736 | D:2      | Killed Robin
  1745 | D:2      | Reached skill level 5 in Axes
  2100 | D:2      | Found a sacrificial altar of Ru.
  2279 | D:3      | Found a shimmering altar of Xom.
  2279 | D:3      | Found a shimmering altar of Xom.
  2280 | D:3      | Found a shimmering altar of Xom.
  2766 | D:3      | Found a shimmering altar of Xom.
  2773 | D:3      | Reached XP level 6. HP: 48/53 MP: 6/6
  2800 | D:3      | Found a shimmering altar of Xom.
  2800 | D:3      | Found a shimmering altar of Xom.
  3345 | D:3      | Reached skill level 6 in Axes
  3346 | D:3      | Reached skill level 5 in Fighting
  3623 | D:4      | Found a blossoming altar of Fedhas.
  3623 | D:4      | Found a stormy altar of Qazlal.
  3732 | D:4      | Found a staircase to the Ecumenical Temple.
  3770 | Temple   | Entered the Ecumenical Temple
  3985 | Temple   | Became a worshipper of the Shining One
  4073 | D:4      | Noticed Sigmund
  4079 | D:4      | Killed Sigmund
  4079 | D:4      | Reached skill level 7 in Axes
  4079 | D:4      | Reached skill level 5 in Shields
  4079 | D:4      | Reached XP level 7. HP: 50/61 MP: 7/7
  4223 | D:4      | Found a snail-covered altar of Cheibriados.
  4223 | D:4      | Found a shadowy altar of Dithmenos.
  4224 | D:4      | Found an iron altar of Okawaru.
  4318 | D:4      | Reached skill level 5 in Armour
  4644 | D:5      | Entered Level 5 of the Dungeon
  4682 | D:5      | Found a shadowy altar of Dithmenos.
  4699 | D:5      | Noticed Edmund
  4758 | D:4      | Killed Edmund
  4758 | D:4      | Reached XP level 8. HP: 18/70 MP: 8/8
  5005 | D:5      | Reached skill level 8 in Axes
  5581 | D:6      | Noticed Pikel
  5600 | D:6      | Killed Pikel
  5600 | D:6      | Reached skill level 9 in Axes
  5600 | D:6      | Reached XP level 9. HP: 71/78 MP: 9/9
  5728 | D:6      | Found Nelagrau's Book Shop.
  5850 | D:6      | Found a burning altar of Makhleb.
  5898 | D:6      | Reached skill level 10 in Axes
  5960 | D:6      | Found a shimmering blue altar of Sif Muna.
  6370 | D:6      | Found a sparkling altar of Nemelex Xobeh.
  6545 | D:7      | Reached * piety under the Shining One
  6577 | D:7      | Found a sand-covered staircase.
  6586 | Ossuary  | Entered an ossuary
  6595 | Ossuary  | Reached ** piety under the Shining One
  7377 | D:7      | Got a transparent granite ring
  7406 | D:8      | Found a shimmering altar of Xom.
  7422 | D:8      | Reached skill level 11 in Axes
  7422 | D:8      | Reached skill level 1 in Invocations
  7600 | D:8      | Found a runed translucent gate.
  7600 | D:8      | Found a runed translucent gate.
  7600 | D:8      | Found a runed translucent gate.
  7688 | D:8      | Noticed Harold
  7697 | D:8      | Killed Harold
  7697 | D:8      | Reached XP level 10. HP: 74/90 MP: 7/12
  7783 | D:8      | Found Limav's General Store.
  7812 | D:8      | Bought a scroll of summoning for 104 gold pieces
  8075 | D:8      | Reached skill level 12 in Axes
  8291 | D:8      | Found a white marble altar of Elyvilon.
  8317 | D:8      | Noticed a two-headed ogre
  8328 | D:8      | Killed a two-headed ogre
  8553 | D:8      | Noticed EnegeticOcto's ghost (novice OpHu)
  8791 | D:8      | Found a viscous altar of Jiyva.
  8851 | D:9      | Identified the ring "Noamix" {rPois rF+ rC+++ Str-2 Slay+5}
                  | (You found it on level 7 of the Dungeon)
  9013 | D:9      | Reached *** piety under the Shining One
  9063 | D:9      | Reached skill level 5 in Invocations
  9302 | D:9      | Found a staircase to the Orcish Mines.
  9306 | D:9      | Reached XP level 11. HP: 97/97 MP: 14/14
  9373 | D:9      | Reached skill level 13 in Axes
 10002 | D:10     | Entered Level 10 of the Dungeon
 10017 | D:10     | Found a staircase to the Lair.
 10386 | D:10     | Noticed Joseph
 10400 | D:10     | Killed Joseph
 11118 | D:11     | Noticed a cyclops
 11118 | D:11     | Reached **** piety under the Shining One
 11122 | D:11     | Killed a cyclops
 11319 | D:11     | Noticed a cyan ugly thing
 11329 | D:11     | Killed a cyan ugly thing
 11329 | D:11     | Reached skill level 10 in Fighting
 11329 | D:11     | Reached skill level 14 in Axes
 11408 | D:11     | Reached skill level 1 in Dodging
 11581 | D:11     | Noticed a manticore
 11589 | D:11     | Killed a manticore
 12040 | D:12     | Noticed a manticore
 12047 | D:12     | Killed a manticore
 12047 | D:12     | Reached XP level 12. HP: 85/106 MP: 17/17
 12188 | D:12     | Noticed a five-headed hydra
 12197 | D:12     | Killed a five-headed hydra
 12244 | D:12     | Noticed Nergalle
 12263 | D:12     | Killed Nergalle
 12444 | D:12     | Noticed a two-headed ogre
 12454 | D:12     | Killed a two-headed ogre
 12957 | D:13     | Reached skill level 15 in Axes
 12965 | D:13     | Reached skill level 10 in Shields
 12973 | D:13     | Reached skill level 10 in Armour
 13224 | D:13     | Reached ***** piety under the Shining One
 13798 | D:13     | Found a gate to the Vaults.
 13962 | D:13     | Noticed a centaur warrior
 13967 | D:13     | Killed a centaur warrior
 13967 | D:13     | Reached XP level 13. HP: 102/116 MP: 19/19
 14100 | D:13     | Noticed Azrael
 14112 | D:13     | Killed Azrael
 14579 | D:14     | Reached skill level 16 in Axes
 14613 | D:14     | Found a frozen archway.
 14669 | IceCv    | Entered an ice cave
 15095 | IceCv    | Noticed a reaper
 15105 | IceCv    | Killed a reaper
 15500 | D:14     | Found Qussis's Magic Scroll Shoppe.
 15787 | D:14     | Reached skill level 10 in Invocations
 15817 | D:14     | Reached skill level 5 in Dodging
 15820 | D:14     | Reached XP level 14. HP: 125/125 MP: 21/21
 15829 | D:14     | Reached skill level 17 in Axes
 16040 | D:15     | Entered Level 15 of the Dungeon
 16389 | D:15     | Reached ****** piety under the Shining One
 16606 | D:15     | Found a white marble altar of Elyvilon.
 17004 | D:15     | Found a staircase to the Depths.
 17143 | Depths:1 | Entered Level 1 of the Depths
 17143 | Depths:1 | Noticed a white very ugly thing
 17143 | Depths:1 | Noticed a white very ugly thing
 17143 | Depths:1 | Noticed a stone giant
 17143 | Depths:1 | Noticed a tengu reaver
 17144 | Depths:1 | Noticed a white very ugly thing
 17346 | D:15     | Killed a cyan very ugly thing
 17349 | D:15     | Killed a cyan very ugly thing
 17354 | D:15     | Killed a purple very ugly thing
 17563 | D:15     | Killed a tengu reaver
 17784 | Depths:1 | Killed a stone giant
 17984 | Depths:1 | Noticed a stone giant
 18003 | Depths:1 | Killed a stone giant
 18136 | Depths:1 | Found a shattered altar of Ashenzari.
 18162 | Depths:1 | Reached skill level 18 in Axes
 18742 | Depths:1 | Reached XP level 15. HP: 117/134 MP: 23/23
 19063 | Depths:1 | Noticed a balrug
 19088 | Depths:1 | Killed a balrug
 19378 | Depths:1 | Found a gateway to Hell.
 19470 | Depths:1 | Noticed a frost giant
 19491 | Depths:1 | Killed a frost giant
 19733 | Depths:1 | HP: 5/136 [yaktaur/bolt[a boggart] (19)]
 20326 | Depths:1 | Noticed an iron dragon
 20351 | Depths:1 | Killed an iron dragon
 21483 | Depths:2 | Reached XP level 16. HP: 146/146 MP: 24/26
 23155 | Depths:3 | Found a gateway to a ziggurat.
 23203 | Depths:2 | HP: 6/147 [spriggan air mage/bolt of lightning (29)]
 23203 | Depths:2 | Killed from afar by a spriggan air mage

Levels and vault maps discovered:
D:1:      dpeg_arrival_tiny_k, layout_basic, serial_curves, eino_curves_01,
          eino_curves_03, serial_bayou_pond_c, bh_walls_and_bars
D:2:      layout_loops_ring, lemuel_doored_altar, nicolae_ru_path_of_blood,
          nicolae_overflow_crystal_walls, uniq_robin, uniq_jessica
D:3:      layout_loops_corners, first_ration, serial_bayou_lagoon_a,
          xom_redecorated
D:4:      layout_basic, grunt_temple_overflow_forces_of_nature,
          gammafunk_temple_overflow_claw, minmay_temple_entry_drinking_statues,
          uniq_sigmund
D:5:      layout_rooms, nicolae_dithmenos_the_darkroom, uniq_edmund
D:6:      layout_loops_ring, led_sif_book, lemuel_round_altar,
          lemuel_coloured_pillars_altar, serial_shops, kennysheep_little_box,
          kennysheep_generic_room_15, uniq_pikel
D:7:      layout_basic, gup_ossuary_entry_pyramid, grunt_ogre_cave
D:8:      layout_loops_ring, elyvilon_altar_4, nicolae_overflow_hidden_temple,
          gammafunk_ghost_ooze, serial_shops, shop, uniq_harold
D:9:      layout_roguey, orc_0_dummy
D:10:     layout_gridville, minmay_lair_entry_grove, uniq_joseph
D:11:     layout_gridville
D:12:     layout_long_grid, palyth_stone_intersect, uniq_nergalle
D:13:     layout_stronghold, erik_vaults_1, uniq_azrael
D:14:     layout_basic, portal_ice_cave_entry_pillars_1, serial_shops, shop
D:15:     gammafunk_enter_depths_forms, layout_basic, basic_altar, fountainhead
Temple:   compressed_dpeg_triangle_lava_temple
Depths:1: layout_twisted_cross, serial_glass, glass_columns_b, glass_columns_a,
          lightli_too_deep, ashenzari_altar_1, minmay_holes,
          grunt_ministairs_10, minmay_stone_trees_small,
          hangedman_cracks_in_the_wall
Depths:2: hangedman_slaughterboxes, hell_entry, uniq_nikola
Depths:3: minmay_the_grid_4x2 [minmay_the_grid_zigzags,
          minmay_the_grid_minigrid_small, minmay_the_grid_outer_circle,
          minmay_the_grid_outer_diamond, minmay_the_grid_armoury,
          minmay_the_grid_box_x, minmay_the_grid_x,
          minmay_the_grid_prize_big_room], layout_cave_pools, enter_ziggurat_c,
          minmay_room_of_horrors, hell_entry, rand_demon_pan_entry_9

Skill      XL: |  1  2  3  4  5  6  7  8  9 10 11 12 13 14 15 16 |
---------------+-------------------------------------------------+-----
Axes           | 3 4 5 7 9 11 12 14 15 16 18 | 18.0
Fighting       | 4 5 6 8 9 10 11 12 14 | 14.8
Armour         | 4 5 6 7 8 9 10 11 12 13 | 13.9
Shields        | 4 5 6 7 8 9 10 11 13 | 13.8
Invocations    | 3 5 7 8 10 11 13 14 | 14.1
Dodging        | 1 3 5 6 |  6.0

Action                   |  1- 3 |  4- 6 |  7- 9 | 10-12 | 13-15 | 16-18 || total
-------------------------+-------+-------+-------+-------+-------+-------++-------
Melee: War axe           |    53 |   255 |   222 |    95 |       |       ||   625
       Broad axe         |       |       |       |   330 |   816 |   183 ||  1329
Invok: Divine Shield     |       |       |     1 |     1 |    15 |     1 ||    18
       Summon Divine War |       |       |       |       |     5 |       ||     5
       Cleansing Flame   |       |       |       |       |     1 |       ||     1
Evoke: Wand              |       |       |       |     3 |     3 |       ||     6
  Use: Scroll            |     2 |     2 |     7 |    12 |     5 |     2 ||    30
       Potion            |       |       |       |       |     2 |       ||     2
  Eat: Chunk             |     1 |    10 |     8 |    17 |    20 |     5 ||    61
       Ration            |       |       |     1 |     1 |     2 |       ||     4
Armor: Scale mail        |    41 |    84 |       |       |       |       ||   125
       Chain mail        |       |    37 |    97 |    96 |       |       ||   230
       Plate armour      |       |       |       |    87 |    42 |       ||   129
       Crystal plate arm |       |       |       |       |   232 |    83 ||   315
Dodge: Dodged            |    22 |    77 |    46 |   103 |    72 |    18 ||   338
       Deflected         |       |       |     1 |     7 |    11 |     3 ||    22
Block: Shield            |    23 |   151 |   108 |   126 |       |       ||   408
       Large shield      |       |       |       |   223 |   641 |   165 ||  1029
